 Dungeon Crawl Stone Soup version 0.21.1-1-g345015f (webtiles) character file.

5 Iko the Caller (level 1, -1/13 HPs)
             Began as a Gnoll Summoner on May 10, 2018.
             Slain by an adder (2 damage)
             ... on level 2 of the Dungeon.
             The game lasted 00:02:39 (277 turns).

Iko the Caller (Gnoll Summoner)                      Turns: 277, Time: 00:02:42

Health: -1/13      AC:  2    Str: 10    XL:     1   Next: 80%
Magic:  6/6        EV: 14    Int: 17    God:
Gold:   0          SH:  0    Dex: 15    Spells: 8/9 levels left

rFire    . . .     SeeInvis .   d - -2 club (curse)
rCold    . . .     Gourm    .   (no shield)
rNeg     . . .     Faith    .   a - +0 robe
rPois    .         Spirit   .   (no helmet)
rElec    .         Reflect  .   (no cloak)
rCorr    .         Harm     .   (no gloves)
MR       .....                  (no boots)
Stlth    +++.......             (no amulet)
HPRegen  0.04/turn              (no ring)
MPRegen  0.10/turn              (no ring)

@: no status effects
A: distributed training, fangs 1, strong nose
a: no special abilities


You were on level 2 of the Dungeon.
You were not hungry.

You visited 1 branch of the dungeon, and saw 2 of its levels.

Inventory:

Hand Weapons
 d - a cursed -2 club (weapon)
 e - a +0 dagger
Missiles
 f - a throwing net (quivered)
Armour
 a - a +0 robe (worn)
Books
 b - a book of Callings

   Spells                             Type                      Level
   a - Summon Small Mammal            Summoning                    1
   b - Call Imp                       Summoning                    2
   c - Call Canine Familiar           Summoning                    3
   d - Summon Guardian Golem          Hexes/Summoning              3
   e - Summon Lightning Spire         Summoning/Air                4
   f - Summon Ice Beast               Ice/Summoning                4
Comestibles
 c - a ration


   Skills:
 + Level 0.1 Fighting
 + Level 0.1 Short Blades
 + Level 0.1 Long Blades
 + Level 0.1 Axes
 + Level 0.1 Maces & Flails
 + Level 0.1 Polearms
 + Level 0.1 Staves
 + Level 0.1 Slings
 + Level 0.1 Bows
 + Level 0.1 Crossbows
 + Level 0.1 Throwing
 + Level 0.1 Armour
 + Level 4.4 Dodging
 + Level 4.0 Stealth
 + Level 0.1 Shields
 + Level 0.1 Unarmed Combat
 + Level 4.9 Spellcasting
 + Level 0.1 Conjurations
 + Level 0.1 Hexes
 + Level 0.1 Charms
 + Level 7.0 Summonings
 + Level 0.1 Necromancy
 + Level 0.1 Translocations
 + Level 0.1 Transmutations
 + Level 0.1 Fire Magic
 + Level 0.1 Ice Magic
 + Level 0.1 Air Magic
 + Level 0.1 Earth Magic
 + Level 0.1 Poison Magic
 + Level 0.2 Invocations
 + Level 0.1 Evocations


You had 8 spell levels left.
You knew the following spells:

 Your Spells              Type           Power        Failure   Level  Hunger
a - Summon Small Mammal   Summ           ####         1%          1    None


Dungeon Overview and Level Annotations

Branches:
Dungeon (2/15)

Altars:


Innate Abilities, Weirdness & Mutations

Your experience applies equally to all skills.
You have very sharp teeth.
Your uncanny sense of smell can sniff out nearby items.


Message History

The giant cockroach bites you but does no damage.
You closely miss the jackal.
The jackal is almost dead.
The bat hits you but does no damage. The jackal bites you.
Your bat hits the giant cockroach but does no damage.
The giant cockroach bites you. The jackal closely misses you.
The giant cockroach barely misses you.
You closely miss the jackal.
The jackal is severely wounded.
Your bat closely misses the jackal.
The bat barely misses you. The jackal misses you.
The giant cockroach closely misses you. The jackal barely misses you.
You miss the adder. The bat hits you but does no damage. The bat misses you.
The adder bites you.
* * * LOW HITPOINT WARNING * * *
The giant cockroach misses you. The jackal bites you.
* * * LOW HITPOINT WARNING * * *
Your bat misses the adder. The giant cockroach closely misses you.
The adder bites you.
You die...

∆ ... ..... ...
.....
####.##....
#......... .
#.......#
...#...†b..##..
.......hS......
.(....s@b......
.......###.#...
..#.##. #. ## ∆


You could see an adder, a jackal, a giant cockroach, a bat and a friendly bat.

Vanquished Creatures
  A goblin (D:1)
  A frilled lizard (D:1)
2 creatures vanquished.

Vanquished Creatures (collateral kills)
  A goblin (D:1)
  A jackal (D:2)
  A kobold (D:1)
3 creatures vanquished.

Grand Total: 5 creatures vanquished

Notes
Turn   | Place    | Note
-------+----------+-------------------------------------------
     0 | D:1      | Iko the Gnoll Summoner began the quest for the Orb.
     0 | D:1      | Reached XP level 1. HP: 13/13 MP: 6/6
   277 | D:2      | Slain by an adder

Action                   || total
-------------------------++-------
Melee: Club              ||    12
       Dagger            ||     9
       Bite              ||     1
 Cast: Summon Small Mamm ||     2
  Use: Potion            ||     1
 Stab: Sleeping          ||     1
Armor: Robe              ||     9
Dodge: Dodged            ||    38
